General information
- name: BNet
- type: Ladder team game (AT/RT)
- host: Battle.net
- saver: timg4strok
map: Friends
- players: 8
- length: 50:05
- speed: Fast
- version: 1.20 W3XP
- replay type:

» download(330 KB)
Players
team 1 (winner)
Dexanth (
red | 59 APM | 2944 actions | 49:55)
8 Warden
3 Fan of Knives
3 Blink
1 Spirit of Vengeance
1 Shadow Strike
» actions
| Assign group hotkey | 11 | |
| Basic commands | 3 | |
| Build / train | 160 | |
| Enter build submenu | 46 | |
| Enter hero's abilities submenu | 8 | |
| Give item / drop item | 4 | |
| Remove unit from queue | 11 | |
| Right click | 1583 | |
| Select / deselect | 300 | |
| Select group hotkey | 427 | |
| Use ability | 391 | |
2944 total
» units
| Wisp | 89 | |
| Chimaera | 2 | |
| Archer | 5 | |
| Hippogryph | 5 | |
101 total
» upgrades
| Ultravision | 1 | |
| Strength of the Wild | 3 | |
| Reinforced Hides | 3 | |
| Nature's Blessing | 1 | |
| Well Spring | 1 | |
| Druid of the Talon Training | 2 | |
| Hippogryph Taming | 1 | |
| Strength of the Moon | 3 | |
| Moon Armor | 3 | |
| Corrosive Breath | 1 | |
| Mark of the Talon | 1 | |
| Backpack | 1 | |
| Abolish Magic | 1 | |
| Druid of the Claw Training | 2 | |
| Resistant Skin | 1 | |
| Hardened Skin | 1 | |
| Improved Bows | 1 | |
| Sentinel | 1 | |
| Marksmanship | 1 | |
| Upgrade Moon Glaive | 1 | |
| Vorpal Blades | 1 | |
| Mark of the Claw | 1 | |
32 total
» buildings
| Altar of Elders | 1 | |
| Moon Well | 35 | |
| Hunter's Hall | 1 | |
| Tree of Ages | 1 | |
| Tree of Life | 1 | |
| Tree of Eternity | 1 | |
| Ancient of Wind | 1 | |
| Chimaera Roost | 3 | |
| Ancient of War | 1 | |
| Ancient of Lore | 1 | |
| Ancient of Wonders | 1 | |
47 total
» build order
00:09 Altar of Elders
00:15 Moon Well
01:28 Moon Well
02:23 Moon Well
03:13 Moon Well
03:27 Hunter's Hall
04:18 Moon Well
04:25 Moon Well
05:00 Tree of Ages
05:28 Moon Well
05:54 Moon Well
06:05 Tree of Life
06:30 Moon Well
06:55 Moon Well
07:54 Moon Well
08:07 Tree of Eternity
08:56 Moon Well
09:51 Moon Well
11:29 Moon Well
11:31 Moon Well
12:28 Moon Well
12:32 Moon Well
12:37 Moon Well
12:39 Moon Well
12:40 Moon Well
15:17 Ancient of Wind
17:49 Chimaera Roost
17:50 Chimaera Roost
17:52 Chimaera Roost
20:38 Ancient of War
20:41 Ancient of Lore
20:52 Ancient of Wonders
21:41 Moon Well
21:42 Moon Well
21:50 Moon Well
21:51 Moon Well
28:45 Moon Well
28:45 Moon Well
28:47 Moon Well
28:47 Moon Well
30:54 Moon Well
30:55 Moon Well
30:56 Moon Well
30:57 Moon Well
39:04 Moon Well
40:15 Moon Well
41:20 Moon Well
» items
| Orb of Lightning | 1 | |
| Potion of Healing | 1 | |
| Anti-magic Potion | 1 | |
| Sobi Mask | 1 | |
| Health Stone | 1 | |
5 total
Mata. (
green | 75 APM | 3736 actions | 49:55)
6 Archmage
3 Blizzard
2 Brilliance Aura
1 Mass Teleport
» actions
| Assign group hotkey | 32 | |
| Basic commands | 4 | |
| Build / train | 436 | |
| ESC pressed | 11 | |
| Enter build submenu | 108 | |
| Enter hero's abilities submenu | 6 | |
| Right click | 1642 | |
| Select / deselect | 902 | |
| Use ability | 595 | |
3736 total
» units
» upgrades
| Masonry | 3 | |
| Lumber Harvesting | 2 | |
5 total
» buildings
| Altar of Kings | 1 | |
| Farm | 8 | |
| Lumber Mill | 2 | |
| Scout Tower | 465 | |
| Guard Tower | 310 | |
| Town Hall | 2 | |
| Keep | 3 | |
| Castle | 1 | |
| Arcane Tower | 29 | |
821 total
» build order
00:06 Altar of Kings
00:18 Farm
00:51 Lumber Mill
01:06 Scout Tower
01:15 Scout Tower
01:35 Scout Tower
01:46 Scout Tower
01:52 Guard Tower
01:52 Guard Tower
01:52 Guard Tower
01:56 Scout Tower
01:58 Scout Tower
01:59 Scout Tower
02:00 Guard Tower
02:05 Scout Tower
02:19 Guard Tower
02:19 Guard Tower
02:19 Guard Tower
02:41 Guard Tower
02:41 Guard Tower
02:41 Guard Tower
02:52 Farm
03:10 Scout Tower
03:19 Guard Tower
03:20 Guard Tower
03:32 Guard Tower
03:32 Guard Tower
03:34 Scout Tower
03:41 Guard Tower
03:42 Guard Tower
03:52 Scout Tower
04:16 Scout Tower
04:16 Scout Tower
04:17 Scout Tower
05:18 Guard Tower
05:19 Guard Tower
05:20 Scout Tower
05:21 Scout Tower
05:21 Scout Tower
05:31 Guard Tower
05:31 Guard Tower
05:31 Guard Tower
05:34 Farm
05:48 Guard Tower
05:49 Guard Tower
08:23 Guard Tower
08:23 Guard Tower
14:28 Town Hall
15:06 Scout Tower
15:07 Scout Tower
15:08 Scout Tower
15:25 Scout Tower
15:26 Scout Tower
15:28 Scout Tower
15:29 Scout Tower
15:38 Guard Tower
15:39 Guard Tower
15:51 Scout Tower
15:52 Scout Tower
15:53 Scout Tower
15:56 Scout Tower
15:56 Scout Tower
15:59 Guard Tower
15:59 Guard Tower
16:00 Guard Tower
16:22 Guard Tower
16:23 Guard Tower
16:24 Guard Tower
16:41 Guard Tower
16:41 Guard Tower
16:43 Scout Tower
16:43 Scout Tower
16:44 Scout Tower
16:46 Guard Tower
16:46 Guard Tower
16:46 Guard Tower
17:00 Guard Tower
17:02 Scout Tower
17:03 Scout Tower
17:04 Scout Tower
17:14 Guard Tower
17:21 Scout Tower
17:22 Scout Tower
17:22 Scout Tower
17:23 Scout Tower
17:24 Scout Tower
17:36 Guard Tower
17:36 Guard Tower
17:44 Guard Tower
17:45 Guard Tower
18:01 Guard Tower
18:01 Guard Tower
18:05 Guard Tower
18:08 Guard Tower
18:08 Guard Tower
18:09 Scout Tower
18:09 Scout Tower
18:10 Scout Tower
18:47 Guard Tower
18:48 Guard Tower
18:58 Scout Tower
18:59 Scout Tower
19:01 Scout Tower
19:01 Scout Tower
19:02 Scout Tower
19:02 Scout Tower
19:04 Scout Tower
19:06 Guard Tower
19:09 Guard Tower
19:12 Scout Tower
19:13 Scout Tower
19:13 Scout Tower
19:14 Scout Tower
19:15 Scout Tower
19:16 Scout Tower
19:30 Guard Tower
19:30 Guard Tower
19:44 Guard Tower
19:44 Guard Tower
20:07 Scout Tower
20:07 Scout Tower
20:08 Scout Tower
20:08 Scout Tower
20:09 Scout Tower
20:22 Guard Tower
20:22 Guard Tower
20:24 Guard Tower
20:25 Guard Tower
20:27 Keep
20:27 Keep
20:33 Guard Tower
20:33 Guard Tower
20:34 Scout Tower
20:35 Scout Tower
20:35 Scout Tower
20:36 Scout Tower
20:37 Scout Tower
20:38 Scout Tower
20:39 Scout Tower
20:40 Guard Tower
20:42 Scout Tower
20:43 Scout Tower
20:44 Scout Tower
20:44 Scout Tower
20:45 Scout Tower
20:49 Guard Tower
20:49 Guard Tower
21:15 Guard Tower
21:21 Guard Tower
21:31 Guard Tower
21:34 Lumber Mill
21:39 Guard Tower
21:39 Guard Tower
21:42 Guard Tower
21:42 Guard Tower
21:44 Scout Tower
21:45 Scout Tower
21:46 Scout Tower
21:47 Scout Tower
21:48 Scout Tower
21:49 Scout Tower
21:56 Scout Tower
21:56 Scout Tower
21:57 Scout Tower
21:58 Scout Tower
21:59 Scout Tower
22:00 Scout Tower
22:13 Guard Tower
24:02 Guard Tower
24:05 Scout Tower
24:06 Scout Tower
24:06 Scout Tower
24:09 Scout Tower
24:10 Scout Tower
24:11 Scout Tower
24:12 Scout Tower
24:13 Scout Tower
24:45 Guard Tower
24:45 Guard Tower
24:57 Scout Tower
24:58 Scout Tower
24:59 Scout Tower
25:00 Scout Tower
25:01 Guard Tower
25:02 Guard Tower
25:10 Farm
25:11 Farm
25:16 Farm
25:17 Farm
25:17 Farm
25:22 Scout Tower
25:23 Scout Tower
25:24 Scout Tower
25:24 Scout Tower
25:25 Guard Tower
25:25 Guard Tower
25:26 Guard Tower
25:26 Guard Tower
25:39 Guard Tower
25:40 Scout Tower
25:41 Scout Tower
25:41 Scout Tower
25:42 Scout Tower
25:42 Scout Tower
25:45 Scout Tower
25:46 Scout Tower
26:00 Guard Tower
26:01 Guard Tower
26:08 Scout Tower
26:08 Scout Tower
26:09 Scout Tower
26:10 Scout Tower
26:10 Scout Tower
26:11 Guard Tower
26:11 Guard Tower
26:12 Guard Tower
26:23 Guard Tower
26:25 Scout Tower
26:26 Scout Tower
26:27 Scout Tower
26:27 Scout Tower
26:28 Scout Tower
26:37 Guard Tower
26:38 Guard Tower
26:40 Scout Tower
26:40 Scout Tower
26:42 Scout Tower
26:42 Scout Tower
26:43 Guard Tower
26:44 Guard Tower
26:44 Guard Tower
26:49 Guard Tower
26:50 Scout Tower
26:51 Scout Tower
26:51 Scout Tower
27:04 Guard Tower
27:06 Scout Tower
27:07 Scout Tower
27:08 Scout Tower
27:11 Guard Tower
27:11 Guard Tower
27:17 Scout Tower
27:19 Scout Tower
27:20 Scout Tower
27:21 Scout Tower
27:23 Guard Tower
27:23 Guard Tower
27:27 Scout Tower
27:28 Scout Tower
27:28 Scout Tower
27:28 Scout Tower
27:29 Scout Tower
27:30 Scout Tower
27:31 Scout Tower
27:31 Scout Tower
27:33 Scout Tower
27:35 Guard Tower
27:35 Guard Tower
27:37 Guard Tower
27:38 Scout Tower
27:39 Scout Tower
27:39 Scout Tower
27:40 Scout Tower
27:40 Scout Tower
27:41 Scout Tower
27:48 Scout Tower
27:48 Scout Tower
27:49 Scout Tower
27:49 Scout Tower
27:50 Scout Tower
27:52 Guard Tower
27:52 Guard Tower
28:02 Guard Tower
28:02 Guard Tower
28:06 Castle
28:21 Guard Tower
28:21 Guard Tower
28:24 Scout Tower
28:24 Scout Tower
28:25 Scout Tower
28:26 Scout Tower
28:27 Guard Tower
28:29 Scout Tower
28:30 Scout Tower
28:31 Scout Tower
28:32 Scout Tower
28:36 Scout Tower
28:37 Scout Tower
28:38 Scout Tower
28:39 Scout Tower
28:41 Guard Tower
29:17 Guard Tower
29:17 Guard Tower
29:17 Guard Tower
29:18 Guard Tower
29:19 Guard Tower
29:39 Guard Tower
29:43 Scout Tower
29:43 Scout Tower
29:44 Scout Tower
29:45 Scout Tower
30:17 Guard Tower
30:28 Scout Tower
30:29 Scout Tower
30:29 Scout Tower
30:30 Scout Tower
30:31 Scout Tower
30:32 Scout Tower
30:49 Scout Tower
30:50 Scout Tower
30:51 Scout Tower
30:51 Scout Tower
30:51 Scout Tower
30:57 Guard Tower
30:57 Guard Tower
31:06 Scout Tower
31:07 Scout Tower
31:08 Scout Tower
31:09 Scout Tower
31:10 Scout Tower
31:12 Scout Tower
31:12 Scout Tower
31:13 Scout Tower
31:17 Guard Tower
31:31 Guard Tower
32:26 Guard Tower
32:26 Guard Tower
33:09 Town Hall
33:15 Guard Tower
33:15 Guard Tower
33:17 Scout Tower
33:18 Scout Tower
33:19 Scout Tower
33:19 Scout Tower
33:20 Scout Tower
33:20 Scout Tower
33:21 Scout Tower
33:21 Scout Tower
33:22 Scout Tower
33:22 Scout Tower
33:22 Scout Tower
33:23 Scout Tower
33:23 Scout Tower
33:23 Scout Tower
33:24 Scout Tower
33:24 Scout Tower
33:25 Scout Tower
33:25 Scout Tower
33:25 Scout Tower
33:25 Scout Tower
33:26 Scout Tower
33:26 Scout Tower
33:32 Guard Tower
33:32 Guard Tower
33:34 Scout Tower
33:34 Scout Tower
33:35 Scout Tower
33:35 Scout Tower
33:35 Scout Tower
33:35 Scout Tower
33:36 Scout Tower
33:37 Scout Tower
33:37 Scout Tower
33:37 Scout Tower
33:38 Scout Tower
33:38 Scout Tower
33:39 Scout Tower
33:39 Scout Tower
33:48 Scout Tower
33:48 Scout Tower
33:48 Scout Tower
33:49 Scout Tower
33:49 Scout Tower
33:53 Scout Tower
33:53 Scout Tower
33:54 Scout Tower
33:54 Scout Tower
33:54 Scout Tower
33:56 Guard Tower
33:57 Guard Tower
34:07 Guard Tower
34:08 Guard Tower
34:18 Guard Tower
34:22 Scout Tower
34:22 Scout Tower
34:22 Scout Tower
34:22 Scout Tower
34:23 Scout Tower
34:30 Guard Tower
34:30 Guard Tower
34:33 Guard Tower
34:53 Guard Tower
34:55 Guard Tower
34:55 Guard Tower
34:57 Guard Tower
34:58 Guard Tower
35:18 Guard Tower
35:19 Guard Tower
35:34 Guard Tower
35:39 Guard Tower
35:42 Scout Tower
35:42 Scout Tower
35:42 Scout Tower
36:01 Guard Tower
36:01 Guard Tower
36:02 Guard Tower
36:03 Guard Tower
36:04 Guard Tower
36:21 Guard Tower
36:21 Guard Tower
36:24 Scout Tower
36:24 Scout Tower
36:25 Scout Tower
36:25 Scout Tower
36:54 Guard Tower
36:54 Guard Tower
37:11 Guard Tower
37:11 Guard Tower
37:21 Scout Tower
37:21 Scout Tower
37:22 Scout Tower
37:22 Scout Tower
37:22 Scout Tower
37:22 Scout Tower
37:25 Guard Tower
37:30 Scout Tower
37:30 Scout Tower
37:31 Scout Tower
37:31 Scout Tower
37:31 Scout Tower
37:31 Scout Tower
37:33 Scout Tower
37:33 Scout Tower
37:33 Scout Tower
37:43 Guard Tower
37:43 Guard Tower
38:21 Scout Tower
38:24 Scout Tower
38:25 Scout Tower
38:28 Scout Tower
38:29 Scout Tower
38:30 Scout Tower
38:30 Scout Tower
38:38 Scout Tower
38:42 Scout Tower
38:43 Scout Tower
38:44 Scout Tower
38:45 Scout Tower
38:46 Scout Tower
38:47 Scout Tower
38:47 Scout Tower
38:48 Scout Tower
38:50 Scout Tower
38:51 Scout Tower
38:52 Scout Tower
38:54 Scout Tower
38:55 Scout Tower
39:02 Scout Tower
39:05 Scout Tower
39:06 Scout Tower
39:09 Scout Tower
39:11 Scout Tower
39:12 Scout Tower
39:12 Scout Tower
39:13 Scout Tower
39:14 Scout Tower
39:17 Scout Tower
39:18 Scout Tower
39:18 Scout Tower
39:20 Scout Tower
39:24 Scout Tower
39:32 Scout Tower
39:42 Guard Tower
39:43 Guard Tower
39:48 Arcane Tower
39:52 Guard Tower
39:55 Scout Tower
39:56 Scout Tower
39:56 Scout Tower
39:56 Scout Tower
39:56 Scout Tower
39:57 Scout Tower
40:02 Guard Tower
40:02 Guard Tower
40:07 Scout Tower
40:12 Scout Tower
40:13 Scout Tower
40:14 Scout Tower
40:15 Scout Tower
40:17 Scout Tower
40:18 Scout Tower
40:22 Scout Tower
40:23 Scout Tower
40:24 Scout Tower
40:25 Scout Tower
40:26 Scout Tower
40:27 Scout Tower
40:28 Scout Tower
40:32 Guard Tower
40:32 Guard Tower
40:39 Guard Tower
40:40 Guard Tower
40:41 Guard Tower
40:41 Guard Tower
40:44 Scout Tower
40:44 Scout Tower
40:44 Scout Tower
40:45 Scout Tower
40:45 Scout Tower
40:51 Guard Tower
40:53 Scout Tower
40:53 Scout Tower
40:53 Scout Tower
40:57 Guard Tower
40:58 Guard Tower
40:58 Guard Tower
41:11 Scout Tower
42:19 Guard Tower
42:19 Guard Tower
42:20 Guard Tower
42:21 Arcane Tower
42:21 Arcane Tower
42:31 Arcane Tower
42:31 Arcane Tower
42:35 Guard Tower
42:35 Guard Tower
42:45 Scout Tower
42:48 Scout Tower
42:49 Scout Tower
42:50 Scout Tower
42:50 Scout Tower
42:51 Scout Tower
42:52 Scout Tower
43:11 Guard Tower
43:12 Guard Tower
43:19 Scout Tower
43:19 Scout Tower
43:20 Arcane Tower
43:22 Scout Tower
43:23 Scout Tower
43:24 Scout Tower
43:25 Scout Tower
43:26 Scout Tower
43:26 Scout Tower
43:28 Scout Tower
43:28 Scout Tower
43:29 Scout Tower
43:32 Scout Tower
43:33 Scout Tower
43:34 Scout Tower
43:34 Scout Tower
43:35 Scout Tower
43:36 Scout Tower
43:39 Scout Tower
43:40 Scout Tower
43:40 Scout Tower
43:41 Scout Tower
43:42 Scout Tower
43:43 Scout Tower
43:44 Scout Tower
43:45 Scout Tower
43:46 Scout Tower
43:46 Scout Tower
43:53 Guard Tower
43:54 Guard Tower
43:55 Guard Tower
43:55 Guard Tower
44:05 Guard Tower
44:05 Guard Tower
44:07 Guard Tower
44:08 Arcane Tower
44:09 Arcane Tower
44:21 Scout Tower
44:21 Scout Tower
44:22 Scout Tower
44:22 Scout Tower
44:23 Scout Tower
44:24 Scout Tower
44:24 Scout Tower
44:25 Scout Tower
44:26 Scout Tower
44:27 Scout Tower
44:28 Scout Tower
44:30 Guard Tower
44:40 Scout Tower
44:40 Scout Tower
44:41 Scout Tower
44:41 Scout Tower
44:41 Scout Tower
44:42 Scout Tower
44:51 Guard Tower
44:52 Guard Tower
44:54 Guard Tower
44:55 Arcane Tower
44:55 Arcane Tower
45:00 Arcane Tower
45:00 Arcane Tower
45:01 Guard Tower
45:02 Guard Tower
45:02 Guard Tower
45:06 Arcane Tower
45:09 Guard Tower
45:17 Arcane Tower
45:18 Arcane Tower
45:21 Guard Tower
45:21 Guard Tower
45:35 Guard Tower
45:35 Guard Tower
45:36 Scout Tower
45:37 Scout Tower
45:38 Scout Tower
45:38 Scout Tower
45:39 Scout Tower
45:41 Arcane Tower
45:44 Arcane Tower
45:44 Arcane Tower
46:13 Guard Tower
46:13 Guard Tower
46:14 Arcane Tower
46:15 Arcane Tower
46:17 Guard Tower
46:17 Guard Tower
46:21 Guard Tower
46:21 Guard Tower
46:25 Guard Tower
46:25 Guard Tower
46:33 Scout Tower
46:33 Scout Tower
46:34 Scout Tower
46:34 Scout Tower
46:34 Scout Tower
46:35 Scout Tower
46:35 Scout Tower
46:35 Scout Tower
46:37 Scout Tower
46:37 Scout Tower
46:37 Scout Tower
46:37 Scout Tower
46:38 Scout Tower
47:29 Guard Tower
47:30 Guard Tower
47:30 Guard Tower
47:32 Guard Tower
47:32 Guard Tower
47:33 Guard Tower
47:34 Guard Tower
47:35 Guard Tower
47:36 Guard Tower
47:44 Guard Tower
47:44 Guard Tower
47:44 Guard Tower
47:47 Guard Tower
47:50 Guard Tower
47:51 Guard Tower
47:59 Scout Tower
48:02 Scout Tower
48:03 Scout Tower
48:04 Scout Tower
48:06 Scout Tower
48:07 Scout Tower
48:07 Scout Tower
48:08 Scout Tower
48:09 Scout Tower
48:10 Scout Tower
48:11 Scout Tower
48:16 Scout Tower
48:18 Scout Tower
48:25 Scout Tower
48:27 Scout Tower
48:28 Scout Tower
48:29 Scout Tower
48:29 Scout Tower
48:30 Scout Tower
48:31 Scout Tower
48:32 Scout Tower
48:34 Scout Tower
48:36 Guard Tower
48:37 Guard Tower
48:38 Scout Tower
48:41 Guard Tower
48:41 Guard Tower
48:42 Guard Tower
49:01 Guard Tower
49:02 Guard Tower
49:02 Guard Tower
49:05 Scout Tower
49:05 Scout Tower
49:06 Scout Tower
49:07 Scout Tower
49:07 Scout Tower
49:09 Guard Tower
49:12 Scout Tower
49:14 Scout Tower
49:17 Scout Tower
49:20 Scout Tower
49:30 Guard Tower
49:31 Guard Tower
49:33 Scout Tower
49:33 Scout Tower
49:33 Scout Tower
49:34 Scout Tower
49:35 Scout Tower
49:35 Scout Tower
49:35 Scout Tower
49:35 Scout Tower
49:36 Scout Tower
49:37 Scout Tower
49:37 Scout Tower
49:37 Scout Tower
49:38 Scout Tower
49:38 Scout Tower
49:38 Scout Tower
49:38 Scout Tower
49:45 Arcane Tower
49:45 Arcane Tower
49:51 Arcane Tower
49:51 Arcane Tower
49:53 Guard Tower
49:54 Guard Tower
» items
sseldnE. (
orange | 38 APM | 1891 actions | 49:55)
2 Blademaster
1 Wind Walk
1 Critical Strike
4 Tauren Chieftain
2 Shockwave
2 War Stomp
» actions
| Assign group hotkey | 8 | |
| Basic commands | 37 | |
| Build / train | 64 | |
| Enter build submenu | 220 | |
| Enter hero's abilities submenu | 7 | |
| Give item / drop item | 3 | |
| Right click | 767 | |
| Select / deselect | 518 | |
| Select group hotkey | 8 | |
| Use ability | 259 | |
1891 total
» units
| Peon | 17 | |
| Troll Batrider | 20 | |
| Kodo Beast | 2 | |
39 total
» upgrades
| Armor | 1 | |
| Reinforced Defenses | 1 | |
| Liquid Fire | 1 | |
| Spiked Barricades | 1 | |
4 total
» buildings
| Altar of Storms | 1 | |
| Orc Burrow | 5 | |
| War Mill | 1 | |
| Watch Tower | 184 | |
| Voodoo Lounge | 1 | |
| Stronghold | 1 | |
| Beastiary | 2 | |
| Fortress | 1 | |
| Great Hall | 1 | |
197 total
» build order
00:15 Altar of Storms
00:33 Orc Burrow
01:18 War Mill
01:39 Orc Burrow
02:37 Watch Tower
02:43 Watch Tower
04:00 Voodoo Lounge
04:04 Watch Tower
04:08 Watch Tower
05:16 Watch Tower
05:19 Watch Tower
05:22 Watch Tower
05:34 Stronghold
06:49 Watch Tower
06:54 Watch Tower
06:56 Watch Tower
07:25 Watch Tower
07:27 Watch Tower
07:29 Watch Tower
08:05 Watch Tower
08:15 Beastiary
08:18 Beastiary
08:53 Fortress
09:11 Watch Tower
09:13 Watch Tower
09:19 Watch Tower
09:22 Watch Tower
10:29 Watch Tower
11:33 Orc Burrow
11:35 Orc Burrow
11:41 Orc Burrow
11:48 Watch Tower
11:50 Watch Tower
12:14 Watch Tower
12:54 Watch Tower
12:56 Watch Tower
13:33 Watch Tower
14:11 Watch Tower
14:13 Watch Tower
14:15 Watch Tower
14:44 Watch Tower
15:21 Watch Tower
15:23 Watch Tower
16:55 Watch Tower
16:56 Watch Tower
16:57 Watch Tower
16:59 Watch Tower
17:01 Watch Tower
17:05 Watch Tower
17:28 Watch Tower
18:01 Watch Tower
18:07 Watch Tower
18:26 Watch Tower
18:27 Watch Tower
18:30 Watch Tower
18:32 Watch Tower
19:46 Watch Tower
19:48 Watch Tower
20:24 Watch Tower
20:28 Watch Tower
20:31 Watch Tower
20:33 Watch Tower
20:36 Watch Tower
20:39 Watch Tower
20:42 Watch Tower
21:16 Watch Tower
21:19 Watch Tower
21:22 Watch Tower
21:30 Watch Tower
21:35 Watch Tower
21:38 Watch Tower
21:50 Watch Tower
21:53 Watch Tower
21:56 Watch Tower
21:58 Watch Tower
22:02 Watch Tower
22:06 Watch Tower
22:08 Watch Tower
22:11 Watch Tower
22:14 Watch Tower
22:17 Watch Tower
22:19 Watch Tower
22:21 Watch Tower
23:22 Watch Tower
23:23 Watch Tower
23:25 Watch Tower
23:27 Watch Tower
23:28 Watch Tower
23:29 Watch Tower
23:31 Watch Tower
24:28 Watch Tower
24:34 Watch Tower
24:35 Watch Tower
24:39 Watch Tower
24:41 Watch Tower
24:43 Watch Tower
24:45 Watch Tower
24:49 Watch Tower
25:27 Watch Tower
25:30 Watch Tower
25:33 Watch Tower
33:33 Watch Tower
33:35 Watch Tower
33:36 Watch Tower
33:37 Watch Tower
33:39 Watch Tower
33:41 Watch Tower
33:44 Watch Tower
33:47 Watch Tower
33:49 Watch Tower
33:51 Watch Tower
33:56 Watch Tower
34:47 Watch Tower
34:50 Watch Tower
34:52 Watch Tower
34:57 Watch Tower
35:00 Watch Tower
35:02 Watch Tower
35:04 Watch Tower
36:51 Watch Tower
36:52 Watch Tower
36:54 Watch Tower
36:57 Watch Tower
37:01 Watch Tower
37:03 Watch Tower
37:06 Watch Tower
37:08 Watch Tower
37:11 Watch Tower
37:14 Watch Tower
37:19 Watch Tower
38:04 Watch Tower
38:07 Watch Tower
38:09 Watch Tower
38:14 Watch Tower
38:17 Watch Tower
38:19 Watch Tower
38:21 Watch Tower
39:00 Watch Tower
39:02 Watch Tower
39:05 Watch Tower
39:08 Watch Tower
39:25 Watch Tower
39:28 Watch Tower
39:56 Watch Tower
39:59 Watch Tower
40:04 Watch Tower
40:22 Watch Tower
40:28 Watch Tower
40:31 Watch Tower
41:43 Great Hall
41:46 Watch Tower
41:47 Watch Tower
41:49 Watch Tower
44:07 Watch Tower
44:09 Watch Tower
44:11 Watch Tower
44:13 Watch Tower
44:16 Watch Tower
44:19 Watch Tower
44:21 Watch Tower
44:29 Watch Tower
44:31 Watch Tower
44:41 Watch Tower
44:43 Watch Tower
44:45 Watch Tower
44:46 Watch Tower
45:33 Watch Tower
45:35 Watch Tower
45:38 Watch Tower
45:40 Watch Tower
45:42 Watch Tower
45:45 Watch Tower
46:08 Watch Tower
46:11 Watch Tower
46:14 Watch Tower
46:17 Watch Tower
47:55 Watch Tower
47:57 Watch Tower
48:00 Watch Tower
48:02 Watch Tower
48:05 Watch Tower
48:08 Watch Tower
48:14 Watch Tower
48:19 Watch Tower
48:20 Watch Tower
48:22 Watch Tower
48:27 Watch Tower
48:30 Watch Tower
49:05 Watch Tower
49:07 Watch Tower
49:10 Watch Tower
49:37 Watch Tower
49:40 Watch Tower
49:43 Watch Tower
49:48 Watch Tower
49:50 Watch Tower
49:52 Watch Tower
» items
| Healing Salve | 2 | |
| Orb of Lightning | 1 | |
| Scroll of Town Portal | 3 | |
| Staff of Preservation | 1 | |
| Orb of Venom | 1 | |
| Potion of Mana | 3 | |
11 total
timg4strok (
pink | 43 APM | 2152 actions | 50:05)
6 Blood Mage
3 Flame Strike
2 Siphon Mana
1 Summon Phoenix
» actions
| Assign group hotkey | 10 | |
| Basic commands | 32 | |
| Build / train | 112 | |
| ESC pressed | 5 | |
| Enter build submenu | 100 | |
| Enter hero's abilities submenu | 6 | |
| Give item / drop item | 3 | |
| Right click | 734 | |
| Select / deselect | 378 | |
| Select group hotkey | 352 | |
| Use ability | 420 | |
2152 total
» units
| Peasant | 14 | |
| Dragonhawk Rider | 5 | |
19 total
» upgrades
| Masonry | 3 | |
| Magic Sentry | 1 | |
| Lumber Harvesting | 1 | |
5 total
» buildings
| Altar of Kings | 1 | |
| Farm | 7 | |
| Lumber Mill | 3 | |
| Scout Tower | 336 | |
| Guard Tower | 66 | |
| Keep | 1 | |
| Gryphon Aviary | 2 | |
| Arcane Tower | 7 | |
| Arcane Sanctum | 1 | |
| Castle | 1 | |
| Barracks | 2 | |
| Arcane Vault | 1 | |
| Blacksmith | 1 | |
| Town Hall | 2 | |
| Workshop | 1 | |
| Cannon Tower | 3 | |
435 total
» build order
00:14 Altar of Kings
00:21 Farm
00:37 Lumber Mill
01:20 Scout Tower
01:38 Scout Tower
01:42 Scout Tower
01:44 Scout Tower
01:46 Scout Tower
01:51 Guard Tower
02:05 Farm
02:19 Guard Tower
02:39 Guard Tower
04:03 Scout Tower
04:04 Scout Tower
04:05 Scout Tower
04:17 Scout Tower
04:19 Scout Tower
04:20 Scout Tower
04:21 Scout Tower
04:25 Scout Tower
04:27 Scout Tower
04:35 Guard Tower
04:36 Guard Tower
04:37 Guard Tower
04:39 Scout Tower
04:39 Scout Tower
04:40 Scout Tower
05:05 Guard Tower
05:22 Guard Tower
05:47 Guard Tower
05:53 Guard Tower
07:26 Keep
08:07 Scout Tower
08:07 Scout Tower
08:08 Scout Tower
08:11 Scout Tower
08:23 Scout Tower
08:24 Scout Tower
08:26 Scout Tower
08:27 Scout Tower
08:28 Scout Tower
08:29 Scout Tower
08:31 Scout Tower
08:40 Guard Tower
08:52 Scout Tower
08:53 Scout Tower
08:54 Scout Tower
09:12 Scout Tower
09:14 Scout Tower
09:15 Scout Tower
09:16 Scout Tower
09:17 Scout Tower
09:18 Scout Tower
09:23 Scout Tower
09:23 Scout Tower
09:24 Scout Tower
09:26 Scout Tower
09:27 Scout Tower
09:28 Scout Tower
09:30 Scout Tower
09:30 Scout Tower
09:31 Scout Tower
09:32 Scout Tower
09:33 Scout Tower
09:33 Scout Tower
09:51 Guard Tower
09:58 Guard Tower
10:00 Guard Tower
10:04 Guard Tower
10:13 Guard Tower
10:19 Guard Tower
10:29 Guard Tower
12:09 Guard Tower
12:15 Guard Tower
12:17 Guard Tower
12:22 Lumber Mill
12:56 Gryphon Aviary
12:57 Gryphon Aviary
13:01 Scout Tower
13:02 Scout Tower
13:25 Scout Tower
13:26 Scout Tower
13:43 Arcane Tower
13:44 Arcane Sanctum
13:56 Guard Tower
14:47 Castle
14:56 Scout Tower
14:57 Scout Tower
14:58 Scout Tower
15:00 Scout Tower
15:01 Scout Tower
15:02 Scout Tower
15:03 Scout Tower
15:04 Scout Tower
15:09 Lumber Mill
16:49 Guard Tower
17:13 Barracks
17:14 Barracks
17:41 Scout Tower
17:42 Scout Tower
17:43 Scout Tower
17:44 Scout Tower
17:45 Scout Tower
17:55 Farm
17:56 Farm
17:57 Farm
17:59 Farm
18:01 Farm
18:09 Scout Tower
18:12 Scout Tower
18:12 Scout Tower
18:13 Scout Tower
18:14 Scout Tower
18:15 Scout Tower
18:16 Scout Tower
18:17 Scout Tower
18:17 Scout Tower
18:18 Scout Tower
18:19 Scout Tower
18:22 Guard Tower
18:58 Arcane Vault
19:04 Blacksmith
19:14 Guard Tower
19:27 Scout Tower
19:28 Scout Tower
19:29 Scout Tower
19:29 Scout Tower
19:30 Scout Tower
19:31 Scout Tower
19:32 Scout Tower
19:33 Scout Tower
19:34 Scout Tower
19:35 Scout Tower
19:36 Scout Tower
19:38 Scout Tower
19:39 Scout Tower
19:40 Scout Tower
19:42 Scout Tower
19:43 Scout Tower
19:44 Scout Tower
19:45 Scout Tower
19:46 Scout Tower
19:47 Scout Tower
19:48 Scout Tower
19:49 Scout Tower
19:50 Scout Tower
19:52 Scout Tower
19:53 Scout Tower
19:55 Scout Tower
19:55 Scout Tower
19:56 Scout Tower
19:58 Scout Tower
19:59 Scout Tower
20:00 Scout Tower
20:01 Scout Tower
20:02 Scout Tower
20:04 Scout Tower
20:05 Scout Tower
20:07 Scout Tower
20:10 Scout Tower
20:11 Scout Tower
20:12 Scout Tower
20:12 Scout Tower
20:14 Scout Tower
20:15 Scout Tower
20:17 Scout Tower
20:18 Scout Tower
20:19 Scout Tower
20:19 Scout Tower
20:20 Scout Tower
20:21 Scout Tower
20:22 Scout Tower
20:23 Scout Tower
20:25 Scout Tower
20:26 Scout Tower
20:28 Scout Tower
20:28 Scout Tower
20:29 Scout Tower
20:31 Scout Tower
20:31 Scout Tower
20:35 Scout Tower
20:36 Scout Tower
20:37 Scout Tower
20:40 Scout Tower
20:41 Scout Tower
20:41 Scout Tower
20:43 Scout Tower
20:44 Scout Tower
20:45 Scout Tower
20:46 Scout Tower
20:46 Scout Tower
20:48 Scout Tower
20:50 Scout Tower
20:51 Scout Tower
20:52 Scout Tower
20:54 Scout Tower
20:54 Scout Tower
20:55 Scout Tower
20:55 Scout Tower
20:57 Scout Tower
20:58 Scout Tower
21:00 Scout Tower
21:01 Scout Tower
21:02 Scout Tower
21:03 Scout Tower
21:06 Scout Tower
21:08 Scout Tower
21:09 Scout Tower
21:10 Scout Tower
21:11 Scout Tower
21:12 Scout Tower
21:13 Scout Tower
21:14 Scout Tower
21:14 Scout Tower
21:15 Scout Tower
21:17 Scout Tower
21:17 Scout Tower
21:18 Scout Tower
21:50 Guard Tower
22:12 Guard Tower
22:29 Guard Tower
24:01 Guard Tower
24:19 Guard Tower
24:29 Guard Tower
24:32 Guard Tower
24:53 Guard Tower
25:03 Guard Tower
25:20 Guard Tower
25:38 Guard Tower
25:48 Guard Tower
26:21 Guard Tower
26:35 Guard Tower
27:16 Guard Tower
27:27 Guard Tower
27:28 Guard Tower
27:28 Guard Tower
27:29 Guard Tower
27:40 Scout Tower
27:42 Scout Tower
27:43 Scout Tower
27:44 Scout Tower
27:45 Scout Tower
27:47 Scout Tower
27:48 Scout Tower
27:49 Scout Tower
27:49 Scout Tower
27:51 Scout Tower
27:52 Scout Tower
27:53 Scout Tower
27:54 Scout Tower
27:55 Scout Tower
27:57 Scout Tower
27:58 Scout Tower
27:58 Scout Tower
27:59 Scout Tower
28:01 Scout Tower
28:04 Scout Tower
28:04 Scout Tower
28:05 Scout Tower
28:06 Scout Tower
28:07 Scout Tower
28:08 Scout Tower
28:09 Scout Tower
28:10 Scout Tower
28:15 Scout Tower
28:19 Scout Tower
28:20 Scout Tower
28:23 Scout Tower
28:24 Scout Tower
28:25 Scout Tower
28:26 Scout Tower
28:27 Scout Tower
28:28 Scout Tower
28:31 Scout Tower
28:33 Scout Tower
28:37 Scout Tower
28:38 Scout Tower
28:38 Scout Tower
28:41 Scout Tower
28:43 Scout Tower
28:44 Scout Tower
28:46 Scout Tower
28:46 Scout Tower
28:49 Scout Tower
28:50 Scout Tower
28:51 Scout Tower
28:52 Scout Tower
28:53 Scout Tower
28:54 Scout Tower
28:55 Scout Tower
28:55 Scout Tower
28:56 Scout Tower
28:58 Scout Tower
28:58 Scout Tower
28:59 Scout Tower
29:01 Scout Tower
29:02 Scout Tower
29:03 Scout Tower
29:04 Scout Tower
29:05 Scout Tower
29:29 Guard Tower
30:30 Guard Tower
31:06 Guard Tower
31:21 Guard Tower
32:42 Town Hall
32:57 Guard Tower
32:59 Guard Tower
33:28 Guard Tower
33:32 Guard Tower
34:19 Guard Tower
34:33 Guard Tower
35:26 Guard Tower
36:16 Guard Tower
36:19 Guard Tower
37:27 Guard Tower
37:34 Scout Tower
37:35 Scout Tower
38:09 Town Hall
38:21 Guard Tower
38:36 Guard Tower
38:46 Guard Tower
39:02 Guard Tower
39:47 Scout Tower
39:49 Scout Tower
39:50 Scout Tower
39:51 Scout Tower
39:52 Scout Tower
39:53 Scout Tower
40:01 Scout Tower
40:03 Scout Tower
40:04 Scout Tower
40:05 Scout Tower
40:06 Scout Tower
40:07 Scout Tower
40:08 Scout Tower
40:09 Scout Tower
40:10 Scout Tower
40:11 Scout Tower
40:12 Scout Tower
40:13 Scout Tower
40:15 Scout Tower
41:45 Arcane Tower
41:53 Guard Tower
42:06 Workshop
42:24 Scout Tower
43:03 Arcane Tower
43:53 Scout Tower
43:55 Scout Tower
44:04 Scout Tower
44:06 Scout Tower
44:07 Scout Tower
44:09 Scout Tower
44:10 Scout Tower
44:11 Scout Tower
44:13 Scout Tower
44:14 Scout Tower
44:15 Scout Tower
44:15 Scout Tower
45:16 Scout Tower
45:17 Scout Tower
45:18 Scout Tower
45:19 Scout Tower
45:20 Scout Tower
45:21 Scout Tower
45:22 Scout Tower
45:24 Scout Tower
45:25 Scout Tower
45:27 Scout Tower
45:29 Scout Tower
45:30 Scout Tower
45:31 Scout Tower
46:03 Scout Tower
46:11 Guard Tower
46:18 Arcane Tower
46:40 Scout Tower
46:41 Scout Tower
46:41 Scout Tower
46:42 Scout Tower
46:42 Scout Tower
46:43 Scout Tower
46:44 Scout Tower
46:45 Scout Tower
46:46 Scout Tower
46:46 Scout Tower
46:47 Scout Tower
46:48 Scout Tower
46:48 Scout Tower
46:49 Scout Tower
46:50 Scout Tower
46:51 Scout Tower
46:51 Scout Tower
46:52 Scout Tower
46:52 Scout Tower
46:53 Scout Tower
46:54 Scout Tower
46:55 Scout Tower
46:56 Scout Tower
46:56 Scout Tower
46:57 Scout Tower
46:57 Scout Tower
46:58 Scout Tower
46:59 Scout Tower
47:00 Scout Tower
47:00 Scout Tower
47:01 Scout Tower
47:45 Guard Tower
48:08 Arcane Tower
48:26 Cannon Tower
48:33 Scout Tower
48:34 Scout Tower
48:35 Scout Tower
48:36 Scout Tower
48:36 Scout Tower
48:38 Scout Tower
48:38 Scout Tower
48:40 Scout Tower
48:41 Scout Tower
48:42 Scout Tower
48:43 Scout Tower
48:43 Scout Tower
48:44 Scout Tower
48:46 Scout Tower
48:47 Scout Tower
48:48 Scout Tower
48:49 Scout Tower
48:51 Scout Tower
48:53 Scout Tower
48:55 Scout Tower
49:02 Cannon Tower
49:04 Arcane Tower
49:10 Arcane Tower
49:12 Cannon Tower
49:43 Scout Tower
50:00 Guard Tower
» items
| Healing Salve | 1 | |
| Lesser Clarity Potion | 1 | |
| Runed Bracers | 1 | |
3 total
team 2 (loser)
cooLieboyy (
teal | 23 APM | 1124 actions | 49:54)
3 Dreadlord
1 Vampiric Aura
1 Sleep
1 Carrion Swarm
1 Keeper of the Grove
1 Thorns Aura
» actions
| Assign group hotkey | 10 | |
| Build / train | 116 | |
| Enter build submenu | 19 | |
| Enter hero's abilities submenu | 4 | |
| Remove unit from queue | 1 | |
| Right click | 575 | |
| Select / deselect | 342 | |
| Select group hotkey | 17 | |
| Use ability | 40 | |
1124 total
» units
| Acolyte | 12 | |
| Ghoul | 14 | |
| Crypt Fiend | 2 | |
| Obsidian Statue | 9 | |
| Abomination | 22 | |
| Chimaera | 5 | |
| Hippogryph | 20 | |
| Glaive Thrower | 2 | |
86 total
» upgrades
| Web | 1 | |
| Unholy Strength | 3 | |
| Unholy Armor | 3 | |
| Destroyer Form | 1 | |
| Disease Cloud | 1 | |
| Freezing Breath | 1 | |
10 total
» buildings
| Altar of Darkness | 1 | |
| Crypt | 1 | |
| Ziggurat | 9 | |
| Tomb of Relics | 1 | |
| Nerubian Tower | 4 | |
| Halls of the Dead | 1 | |
| Graveyard | 1 | |
| Slaughterhouse | 2 | |
| Black Citadel | 1 | |
| Sacrificial Pit | 1 | |
| Boneyard | 1 | |
| Spirit Tower | 5 | |
28 total
» build order
00:18 Altar of Darkness
00:24 Crypt
00:29 Ziggurat
01:10 Tomb of Relics
01:39 Ziggurat
04:01 Nerubian Tower
05:08 Halls of the Dead
05:25 Ziggurat
08:34 Graveyard
09:21 Nerubian Tower
09:58 Slaughterhouse
10:02 Slaughterhouse
11:16 Black Citadel
13:19 Ziggurat
14:28 Ziggurat
15:46 Ziggurat
16:08 Sacrificial Pit
18:14 Ziggurat
18:44 Ziggurat
21:20 Ziggurat
37:47 Boneyard
44:05 Nerubian Tower
44:06 Nerubian Tower
44:07 Spirit Tower
44:09 Spirit Tower
44:11 Spirit Tower
44:12 Spirit Tower
44:14 Spirit Tower
» items
| Rod of Necromancy | 1 | |
| Scroll of Town Portal | 1 | |
| Orb of Corruption | 1 | |
3 total
MAJINhighlander (
blue | 53 APM | 1031 actions | 19:16)
3 Keeper of the Grove
2 Entangling Roots
1 Thorns Aura
2 Priestess of the Moon
1 Trueshot Aura
1 Searing Arrows
» actions
| Assign group hotkey | 23 | |
| Basic commands | 43 | |
| Build / train | 57 | |
| Enter build submenu | 17 | |
| Enter hero's abilities submenu | 5 | |
| Remove unit from queue | 2 | |
| Right click | 386 | |
| Select / deselect | 239 | |
| Select group hotkey | 224 | |
| Use ability | 35 | |
1031 total
» units
| Wisp | 11 | |
| Archer | 14 | |
| Huntress | 1 | |
| Chimaera | 6 | |
| Hippogryph | 1 | |
| Glaive Thrower | 4 | |
37 total
» upgrades
| Improved Bows | 1 | |
| Strength of the Wild | 2 | |
| Reinforced Hides | 2 | |
| Vorpal Blades | 1 | |
| Strength of the Moon | 1 | |
| Corrosive Breath | 1 | |
8 total
» buildings
| Altar of Elders | 1 | |
| Moon Well | 9 | |
| Ancient of War | 2 | |
| Hunter's Hall | 1 | |
| Tree of Ages | 1 | |
| Ancient of Wind | 1 | |
| Tree of Eternity | 1 | |
| Chimaera Roost | 2 | |
18 total
» build order
00:12 Altar of Elders
00:18 Moon Well
00:24 Ancient of War
02:27 Moon Well
02:32 Hunter's Hall
03:55 Moon Well
04:07 Tree of Ages
04:39 Moon Well
08:19 Ancient of Wind
09:45 Tree of Eternity
12:06 Chimaera Roost
12:09 Chimaera Roost
12:25 Moon Well
12:29 Moon Well
13:37 Moon Well
15:10 Ancient of War
15:18 Moon Well
15:21 Moon Well
» items
SlDEWlNDER (
yellow | 62 APM | 3001 actions | 48:03)
5 Keeper of the Grove
3 Entangling Roots
1 Thorns Aura
1 Tranquility
4 Demon Hunter
2 Mana Burn
2 Evasion
» actions
| Assign group hotkey | 48 | |
| Basic commands | 74 | |
| Build / train | 128 | |
| ESC pressed | 15 | |
| Enter build submenu | 59 | |
| Enter hero's abilities submenu | 12 | |
| Give item / drop item | 2 | |
| Right click | 1086 | |
| Select / deselect | 566 | |
| Select group hotkey | 816 | |
| Use ability | 195 | |
3001 total
» units
| Wisp | 75 | |
| Huntress | 10 | |
| Chimaera | 13 | |
| Glaive Thrower | 7 | |
105 total
» upgrades
| Strength of the Wild | 3 | |
| Corrosive Breath | 1 | |
| Reinforced Hides | 2 | |
| Vorpal Blades | 1 | |
7 total
» buildings
| Altar of Elders | 1 | |
| Moon Well | 9 | |
| Ancient of War | 2 | |
| Hunter's Hall | 1 | |
| Tree of Ages | 1 | |
| Tree of Eternity | 2 | |
| Ancient of Wind | 1 | |
| Ancient of Wonders | 1 | |
| Chimaera Roost | 2 | |
| Tree of Life | 1 | |
| Ancient Protector | 38 | |
59 total
» build order
00:19 Altar of Elders
00:35 Moon Well
01:27 Ancient of War
01:55 Hunter's Hall
02:08 Moon Well
02:30 Ancient of War
02:43 Moon Well
04:55 Moon Well
05:40 Tree of Ages
08:03 Tree of Eternity
08:03 Tree of Eternity
08:07 Ancient of Wind
08:31 Ancient of Wonders
10:24 Chimaera Roost
10:26 Chimaera Roost
11:15 Moon Well
11:17 Moon Well
14:17 Moon Well
14:26 Moon Well
16:26 Tree of Life
20:28 Moon Well
30:58 Ancient Protector
30:58 Ancient Protector
30:59 Ancient Protector
31:00 Ancient Protector
31:01 Ancient Protector
31:04 Ancient Protector
31:08 Ancient Protector
32:16 Ancient Protector
32:19 Ancient Protector
32:20 Ancient Protector
32:21 Ancient Protector
32:23 Ancient Protector
32:31 Ancient Protector
32:33 Ancient Protector
33:42 Ancient Protector
33:48 Ancient Protector
33:49 Ancient Protector
33:50 Ancient Protector
33:50 Ancient Protector
33:52 Ancient Protector
33:53 Ancient Protector
34:39 Ancient Protector
34:41 Ancient Protector
34:44 Ancient Protector
34:45 Ancient Protector
34:46 Ancient Protector
34:48 Ancient Protector
36:25 Ancient Protector
36:26 Ancient Protector
36:27 Ancient Protector
36:28 Ancient Protector
36:29 Ancient Protector
36:31 Ancient Protector
36:34 Ancient Protector
37:26 Ancient Protector
37:29 Ancient Protector
37:30 Ancient Protector
» items
Ubaka (
purple | 40 APM | 1923 actions | 48:06)
4 Mountain King
2 Storm Bolt
2 Thunder Clap
» actions
| Assign group hotkey | 18 | |
| Basic commands | 43 | |
| Build / train | 135 | |
| ESC pressed | 2 | |
| Enter build submenu | 33 | |
| Enter hero's abilities submenu | 4 | |
| Right click | 650 | |
| Select / deselect | 755 | |
| Select group hotkey | 220 | |
| Use ability | 63 | |
1923 total
» units
| Peasant | 28 | |
| Footman | 14 | |
| Flying Machine | 16 | |
| Mortar Team | 7 | |
| Siege Engine | 35 | |
| Glaive Thrower | 6 | |
106 total
» upgrades
| Defend | 1 | |
| Gunpowder | 3 | |
| Fragmentation Shards | 1 | |
| Flak Cannons | 1 | |
| Flying Machine Bombs | 1 | |
| Barrage | 1 | |
| Plating | 3 | |
11 total
» buildings
| Altar of Kings | 1 | |
| Farm | 16 | |
| Barracks | 1 | |
| Keep | 2 | |
| Scout Tower | 1 | |
| Arcane Tower | 2 | |
| Blacksmith | 1 | |
| Workshop | 7 | |
| Castle | 2 | |
| Lumber Mill | 1 | |
34 total
» build order
00:07 Altar of Kings
00:28 Farm
00:29 Barracks
01:11 Farm
01:50 Farm
03:31 Farm
04:07 Farm
04:47 Keep
09:19 Scout Tower
09:51 Arcane Tower
10:04 Keep
10:13 Farm
10:30 Farm
11:09 Farm
11:56 Farm
12:16 Blacksmith
12:57 Workshop
13:11 Farm
14:35 Castle
14:36 Castle
14:42 Lumber Mill
15:46 Workshop
18:25 Farm
19:50 Farm
21:48 Farm
25:47 Farm
28:49 Farm
30:34 Farm
42:45 Workshop
42:47 Workshop
42:51 Workshop
43:30 Workshop
43:32 Workshop
Chat log
(00:03 / All) sseldnE.: bad luck
(00:04 / All) sseldnE.: I SAID BAD LUCK
(00:05 / All) Dexanth: Clan TgX
(00:09 / All) Mata.: manner
(00:10 / All) Ubaka: clan TFR
(00:13 / All) Mata.: clan TgX
(00:14 / All) Ubaka: come there after game =)
(00:29 / Allies) sseldnE.: this maps kinda annoying for harass tho
(00:31 / All) timg4strok: www.thegosuxperts.com
(00:35 / All) timg4strok: sign up after game :-D
(00:36 / Allies) Mata.: this map is best harassing map
(00:40 / Allies) sseldnE.: for me
(00:41 / Allies) Mata.: come up right behind mine
(00:42 / Allies) sseldnE.: i mean
(00:43 / All) SlDEWlNDER: k
(00:48 / Allies) sseldnE.: to get harassed
(00:48 / Allies) Mata.: it's easy for you to harass on too
(00:57 / Allies) Mata.: timg will cover your mine if you ask him nicely
(01:02 / Allies) sseldnE.: ok for the other blademaster to kill me!
(01:04 / Allies) timg4strok: arent you orc
(01:07 / Allies) sseldnE.: yes
(01:10 / Allies) sseldnE.: thats why im getting a bm
(01:11 / Allies) sseldnE.: >.<
(01:12 / Allies) timg4strok: make towers bro
(01:16 / Allies) sseldnE.: IGNORE MEEE IM BAD
(01:21 / Allies) sseldnE.: nawjplol
(01:23 / Allies) Mata.: make towers or give timg lumber
(01:31 / Allies) timg4strok: if i ignored everybody who was bad id have nobody 2 talk 2
(01:35 / Allies) sseldnE.: do not owrry i am profficent at tower
(01:41 / Allies) Mata.: you can't ignore yourself t
(02:01 / Allies) timg4strok: gimme a lil wood dexie poo
(02:09 / Allies) Mata.: n give it to me
(02:12 / Allies) sseldnE.: do we need units at start? o.O or should i just tower
(02:13 / Allies) timg4strok: ungh yeah thats a nice baby
(02:21 / Allies) Mata.: just many tower
(02:24 / Allies) timg4strok: whatever you feel like
(02:31 / Allies) timg4strok: im making at least 3650 towers this game
(02:38 / Allies) Mata.: making 5x that many
(02:44 / Allies) timg4strok: gl not enough resource
(02:56 / Allies) timg4strok: aco
(03:01 / Allies) Mata.: theoretically i'm fairly sure ther is
(03:03 / Allies) sseldnE.: oh god
(03:27 / Allies) Mata.: take asap dexter
(03:32 / Allies) timg4strok: watch
(03:46 / All) Ubaka: lmao
(03:48 / Allies) sseldnE.: oh god
(03:49 / Allies) sseldnE.: that went wrong
(03:57 / Allies) timg4strok: secret entrance for aco
(04:10 / Allies) timg4strok: could we get some well dex pls
(04:19 / Allies) Mata.: dang
(04:21 / Allies) Mata.: you guys are demanding
(04:30 / Allies) sseldnE.: stfu bitch
(04:30 / Allies) timg4strok: nelf has to do a lot
(04:37 / All) Ubaka: nice
(04:41 / Allies) Mata.: haha
(04:54 / All) Mata.: not having any peons is a good counter to harass yeah
(04:58 / All) Mata.: clan Tgx
(05:00 / Allies) timg4strok: jahaha
(05:14 / Allies) Mata.: yo top
(05:16 / Allies) Mata.: they all down here
(05:18 / Allies) timg4strok: lets hit again dawg
(05:27 / All) Ubaka: fcking hard to stop tech
(05:29 / Allies) sseldnE.: ok cat
(05:33 / Allies) timg4strok: oh god
(05:53 / Allies) sseldnE.: is u are need assitance
(05:56 / Allies) Mata.: yes
(06:07 / Allies) Mata.: tp
(06:08 / Allies) Mata.: go
(06:17 / Allies) timg4strok: gtfo hes teching
(06:29 / Allies) timg4strok: got all aco
(06:50 / Allies) Mata.: dont want to lose main yet
(06:53 / Allies) timg4strok: sending emergency tower team
(07:02 / Allies) Mata.: guess timg doesn't mind
(07:08 / Allies) Mata.: gg
(07:09 / Allies) Mata.: no peasants
(07:09 / Allies) timg4strok: lemme come with my army
(07:10 / Allies) Mata.: no main
(07:11 / Allies) Mata.: over
(07:16 / Allies) timg4strok: why didnt you get worker out
(07:17 / Allies) timg4strok: or share
(07:30 / Allies) Mata.: for some reason i thought you might not be noob
(07:32 / Allies) Mata.: timg4strok
(07:35 / Allies) timg4strok: what do i do
(07:39 / Allies) timg4strok: my aoe wouldnt kill 4 armies
(07:41 / Allies) Mata.: orange do me a favor and tech up to tier 3
(07:46 / Allies) Mata.: you did nothing timg
(07:52 / Allies) timg4strok: i took out 5 aco then died
(07:57 / Allies) sseldnE.: woot got a n archerr pew pew
(07:57 / Allies) timg4strok: like 5 seconds after you call for tp
(08:03 / Allies) Mata.: tier up
(08:34 / Allies) Mata.: you are towering in the way of my main
(08:37 / Allies) Mata.: but whatever
(08:43 / Allies) Mata.: please
(08:44 / Allies) Mata.: tier up
(08:45 / Allies) timg4strok: so your main is going through the altar
(08:45 / Allies) Mata.: to 3
(08:47 / Allies) Mata.: no peons
(08:49 / Allies) sseldnE.: sec
(08:54 / Allies) sseldnE.: i had no wood
(08:56 / Allies) sseldnE.: was making wood peons
(08:57 / Allies) sseldnE.: while i did it
(08:59 / Allies) timg4strok: ask dex for wood
(09:03 / Allies) sseldnE.: gotca
(09:07 / Allies) sseldnE.: ty
(09:09 / Allies) timg4strok: thats why hes here
(09:18 / Allies) Mata.: timg tower toward those 2
(09:22 / Allies) Mata.: and nice dex
(09:33 / Allies) Dexanth: How do I creep it successfully?
(09:37 / Allies) Mata.: with heroes
(09:44 / Allies) Dexanth: Send heroews down please
(09:47 / Allies) sseldnE.: what should i get
(09:52 / Allies) timg4strok: wood me dex
(09:53 / Allies) sseldnE.: bat riders? o.O
(09:54 / Allies) timg4strok: im towering you base
(09:58 / Allies) Mata.: yeah we need anti cloud
(10:03 / Allies) sseldnE.: roger
(10:10 / Allies) timg4strok: ill get dhawk but low resources
(10:32 / Allies) sseldnE.: there gonna get siege
(10:33 / Allies) sseldnE.: >.<
(10:38 / Allies) sseldnE.: i usually go human when i tower
(10:39 / Allies) Mata.: so we get more towers
(10:40 / Allies) sseldnE.: sorry forogt to
(10:48 / Allies) timg4strok: thanks for pulling out of my aoe
(11:29 / Allies) Mata.: okay
(11:31 / Allies) Mata.: setting down a tiny
(11:34 / Allies) Mata.: then starting over
(11:55 / Allies) sseldnE.: wood plz
(12:16 / Allies) Dexanth: You want this expo?
(12:18 / Allies) Dexanth: or should I?
(12:21 / Allies) Mata.: armor up your towers t
(12:32 / Allies) Mata.: eat through then i take second expo
(12:34 / Allies) timg4strok: you're welcome
(12:36 / Allies) sseldnE.: i bet u there massing chims
(12:37 / Allies) timg4strok: ugh i was gonna take
(12:39 / Allies) sseldnE.: or wyverns or some crap
(12:40 / Allies) timg4strok: w/e
(12:45 / Allies) sseldnE.: so bats = yaay
(12:52 / Allies) Mata.: betting it's not wyv
(13:14 / Allies) sseldnE.: thank god my heros level 1
(13:23 / Allies) Mata.: gonna need help
(13:26 / Allies) sseldnE.: gotcha
(14:05 / Allies) timg4strok: i need wood
(14:36 / Allies) sseldnE.: oh u tree eaters
(14:50 / Allies) sseldnE.: wood plz
(14:56 / All) Ubaka: wtf
(14:58 / All) Ubaka: mass towers
(15:00 / All) Ubaka: Are u fucking serious?
(15:02 / All) Mata.: where
(15:02 / Allies) sseldnE.: wtf i made a kodo
(15:12 / All) Ubaka: oh jeezus
(15:13 / Allies) Mata.: kodo more like prodo
(15:17 / Allies) sseldnE.: archon?>
(15:25 / All) sseldnE.: WE CANT LOSE
(15:31 / All) Ubaka: matter of tiem
(15:35 / All) Ubaka: clan tfr
(15:47 / All) Mata.: if u like what u see visit clan TgX
(15:58 / All) sseldnE.: ooh ;)
(16:15 / Allies) Mata.: deksanth
(16:18 / Allies) Mata.: i'm back from my long sleep
(16:18 / Allies) Dexanth: Yes?
(16:19 / Allies) Mata.: and i want lumber
(16:28 / Allies) sseldnE.: anyone spare some gold?
(16:34 / Allies) Mata.: tower that up t
(16:39 / Allies) Mata.: i'm towering toward this
(16:44 / Allies) sseldnE.: do i want to go into low upkeep?
(16:45 / Allies) timg4strok: tower what up
(16:56 / Allies) Mata.: ojay if you have low gold then no
(16:58 / Allies) timg4strok: towers
(16:58 / Allies) timg4strok: yes
(17:27 / Allies) timg4strok: can you eat through
(17:38 / Allies) timg4strok: take one i take other etc
(17:40 / Allies) sseldnE.: dig faster
(17:51 / Allies) Mata.: to make some hawkles
(18:05 / Allies) sseldnE.: wood plz
(18:21 / Allies) Mata.: dex
(18:22 / Allies) sseldnE.: ty
(18:24 / Allies) Mata.: you need more wips
(18:26 / Allies) timg4strok: fuck
(18:30 / Allies) timg4strok: domnt
(18:30 / Allies) timg4strok: dont
(18:31 / Allies) timg4strok: dont
(18:32 / Allies) timg4strok: dont
(18:33 / Allies) timg4strok: dont
(18:33 / Allies) timg4strok: dont
(18:34 / Allies) timg4strok: dont
(18:34 / Allies) timg4strok: dont
(18:35 / Allies) timg4strok: dont
(18:35 / Allies) timg4strok: dont
(18:36 / Allies) timg4strok: dont
(18:37 / Allies) timg4strok: they see
(18:41 / Allies) Mata.: yep
(18:50 / Allies) sseldnE.: OH GOD
(18:55 / Allies) sseldnE.: run peons run
(19:07 / Allies) sseldnE.: want me to try to take one of their main bases
(19:09 / Allies) sseldnE.: with bats?
(19:16 / All) Ubaka: thats pretty gay
(19:17 / Allies) Dexanth: Games we won!
(19:17 / All) timg4strok: if u like wat u see give Clan TgX a try :-D
(19:20 / Allies) sseldnE.: 1 million
(19:21 / All) sseldnE.: see the strat is
(19:22 / All) Ubaka: holy shitdrop hack? O<o
(19:23 / All) sseldnE.: We wait untill u all lag out
(19:34 / Allies) sseldnE.: do u think they got towers
(19:35 / Allies) Mata.: lum dex
(19:39 / Allies) Mata.: you need more wisps
(19:41 / Allies) Mata.: fuck units just go wisp
(20:04 / Allies) sseldnE.: if u have spare wood, spare some plzz
(20:12 / Allies) Mata.: dex is refusing to build wisps
(20:18 / Allies) Mata.: and to share wood
(20:20 / Allies) sseldnE.: ty
(21:06 / Allies) sseldnE.: oh god
(21:07 / Allies) sseldnE.: mass gyro
(21:09 / Allies) sseldnE.: lol
(21:09 / Allies) Mata.: upg
(21:12 / Allies) Mata.: detonate on them then
(21:23 / Allies) sseldnE.: yep
(21:25 / Allies) timg4strok: resources for freedom lane please
(21:28 / Allies) Dexanth: Upkeep entered
(21:28 / Allies) timg4strok: need gold wood bad
(21:38 / Allies) timg4strok: dex
(21:40 / Allies) timg4strok: gold me
(21:41 / All) sseldnE.: DROPPING LIKE ANTS NOOBS
(21:43 / Allies) timg4strok: quick
(21:45 / All) sseldnE.: ANTS DROP
(21:46 / Allies) timg4strok: gimme everything
(21:54 / Allies) timg4strok: need more
(21:56 / Allies) timg4strok: mroe ogld
(21:57 / Allies) timg4strok: somebody
(21:57 / Allies) timg4strok: gold me
(22:05 / Allies) Mata.: detonate the gyros please
(22:18 / Allies) timg4strok: a project too big for me
(22:32 / Allies) sseldnE.: wood plz
(22:37 / Allies) sseldnE.: coming
(22:38 / Allies) sseldnE.: coming
(22:43 / Allies) timg4strok: tping
(22:45 / Allies) timg4strok: got 2 dhawk
(22:53 / Allies) sseldnE.: i got chims
(23:19 / Allies) sseldnE.: yaay
(23:19 / Allies) sseldnE.: lol
(23:41 / Allies) sseldnE.: yeah i need some more of that wood stuff
(23:47 / Allies) sseldnE.: so i can amke more just in case bats
(23:48 / Allies) Mata.: yo dex
(23:50 / Allies) sseldnE.: and.. that tower stuff
(23:51 / Allies) Mata.: fuck all these other guys
(23:54 / Allies) Mata.: i need your resources to rebuild our d
(23:58 / Allies) sseldnE.: do that
(24:06 / Allies) timg4strok: requesting mad go
(24:07 / Allies) timg4strok: gold
(24:11 / Allies) sseldnE.: i like how u think pink
(24:19 / Allies) sseldnE.: make the batman symbol
(24:19 / Allies) sseldnE.: plz
(24:23 / Allies) sseldnE.: they'll be too confused to attack
(24:25 / Allies) timg4strok: gimme gold
(24:26 / Allies) timg4strok: and i will
(24:28 / Allies) Mata.: gay
(24:43 / Allies) Mata.: i lose all my towers and dex gives me like 1/10th the lum he gives timg
(24:48 / Allies) timg4strok: after freedom lane ill construct usa drive
(24:51 / Allies) sseldnE.: racist
(24:54 / Allies) Mata.: not like i'm keeping us alive or anything
(25:17 / Allies) timg4strok: this gonna keep us alive for milennia
(25:26 / Allies) timg4strok: the power of freedom
(25:49 / Allies) sseldnE.: if thy could spare woood
(25:53 / Allies) Mata.: towering toward mid
(25:57 / Allies) timg4strok: do we got any unit
(26:01 / Allies) timg4strok: to help me creep expansion
(26:02 / Allies) Mata.: you have dhawk
(26:04 / Allies) sseldnE.: ill make bats
(26:12 / Allies) timg4strok: got no dhawk
(26:14 / All) sseldnE.: HOLY SHIT THATS A LOT OF TOWERS
(26:17 / Allies) timg4strok: all ym gold is on freedom lane
(26:24 / Allies) sseldnE.: if i can get some wood
(26:26 / Allies) sseldnE.: ill make bats
(26:31 / All) timg4strok: if u like wat u c Clan TgX.
(26:54 / Allies) timg4strok: i will spell out fuck you
(26:57 / Allies) timg4strok: right here
(27:02 / All) Mata.: for pro 4v4 strats and replays clantgx.com
(27:11 / Allies) timg4strok: right here actually
(27:11 / All) Ubaka: this is the gayest shit in the world
(27:15 / Allies) sseldnE.: btw, if u guys want to play again, i dont mind being elf if u dont want to elf again
(27:32 / Allies) timg4strok: gold me please
(27:43 / Allies) sseldnE.: all i can spare, as im making battoronies
(27:59 / Allies) Mata.: need heroes
(28:15 / Allies) sseldnE.: scrafcing for aoe hero lol
(28:18 / All) sseldnE.: DROPPING LIKE BEES
(28:33 / Allies) sseldnE.: the chims b4 got fucked up by my bats lol
(28:44 / Allies) Mata.: go
(28:58 / Allies) sseldnE.: bats coming
(29:14 / Allies) sseldnE.: LOL
(29:42 / Allies) timg4strok: coming
(29:50 / Allies) Mata.: sup dex gold lum
(29:51 / Allies) timg4strok: sorry mata i had to write some insults you know
(29:55 / Allies) Mata.: to who
(29:58 / Allies) sseldnE.: ill leave bats
(29:59 / Allies) sseldnE.: near u guys
(30:00 / Allies) sseldnE.: ok>
(30:01 / Allies) timg4strok: whoever watches this replay
(30:25 / Allies) Mata.: oh didnt see
(30:26 / Allies) sseldnE.: i'd be entertained as well
(30:42 / Allies) Mata.: make it so big you can see on minimap
(30:42 / Allies) timg4strok: need gold to upgrade
(30:44 / All) SlDEWlNDER: how can we work out a deal?
(30:44 / Allies) Mata.: what it says
(30:44 / Allies) timg4strok: all going arcane
(30:54 / All) Mata.: visit clan TgX
(30:57 / All) timg4strok: im writing a message in towers ill let you know when its done
(31:03 / All) timg4strok: when you comply with message we surrender
(31:17 / All) sseldnE.: yeah..
(31:22 / Allies) Mata.: lumber please
(31:24 / Allies) Mata.: dexxx
(31:29 / Allies) Mata.: going now for real;
(31:30 / Allies) timg4strok: i need expansion like wow
(31:37 / Allies) Mata.: so take
(31:44 / Allies) Mata.: thought you had bloodm
(31:51 / Allies) Mata.: lure to tower
(31:55 / Allies) timg4strok: oh right towers
(32:46 / Allies) Mata.: dex
(32:47 / Allies) Mata.: lum
(32:49 / Allies) Mata.: lumlumlum
(32:56 / Allies) Mata.: give me that juicy shit
(33:02 / Allies) timg4strok: gold me
(33:02 / Allies) Mata.: dexdexdexdexdexdex
(33:04 / Allies) timg4strok: give all gold
(33:04 / Allies) timg4strok: ty
(33:05 / Allies) Mata.: lum
(33:28 / Allies) Dexanth: Fuck you
(33:29 / Allies) Dexanth: that was my tome
(33:32 / Allies) Dexanth: No more resources
(33:33 / Allies) timg4strok: sorry
(33:35 / Allies) timg4strok: have inf stone
(33:51 / Allies) timg4strok: is that enough 4 u
(33:58 / Allies) Mata.: got demon fig
(34:00 / Allies) Dexanth: No I am buying buff items
(34:01 / Allies) sseldnE.: would apperciate wood+gold if u got any extra dex
(34:10 / Allies) Mata.: harr
(34:12 / All) timg4strok: no not yet
(34:25 / Allies) Mata.: lets open up mid
(34:39 / Allies) Mata.: world-class towering around the board
(34:44 / Allies) timg4strok: classiest thing ever
(34:55 / Allies) sseldnE.: its funny how there probasbly gonna lose
(35:00 / Allies) timg4strok: they already lost
(35:02 / Allies) Mata.: "probably"?
(35:06 / Allies) Mata.: how the hell would you kill this many toers
(35:09 / All) Ubaka: what
(35:10 / Allies) Mata.: just not feasible
(35:11 / Allies) sseldnE.: uhh tower urself? lol
(35:30 / Allies) Mata.: they're just not as good at this shit as we are sorry
(35:37 / Allies) sseldnE.: k
(35:43 / Allies) sseldnE.: wood plz? :D
(35:50 / Allies) sseldnE.: im trying to make the great wall of orc
(36:18 / Allies) sseldnE.: Dex you there? =D
(36:31 / Allies) Mata.: takes him like ten minutes to click up all the lumber
(36:34 / Allies) sseldnE.: k
(36:34 / Allies) Mata.: he only deals in large quantities
(36:46 / Allies) Mata.: or he is dead
(36:48 / Allies) sseldnE.: lol
(36:48 / Allies) sseldnE.: ty
(36:53 / Allies) timg4strok: dont touch
(36:56 / Allies) timg4strok: doing american flag
(37:01 / Allies) Mata.: harr
(37:05 / Allies) timg4strok: mata
(37:07 / Allies) timg4strok: stripe with me
(37:11 / Allies) timg4strok: you can be red ill be white
(37:13 / Allies) timg4strok: actually nm
(37:16 / Allies) timg4strok: ill do it with diff towers
(37:24 / Allies) timg4strok: ahaha stuck
(37:27 / Allies) sseldnE.: I GOT CANADIAN FLAG
(37:35 / Allies) Mata.: i'll make swe flag?
(37:37 / All) Ubaka: so leaving yet?
(37:37 / Allies) timg4strok: sure
(37:40 / All) timg4strok: hold
(37:40 / All) sseldnE.: uhh no
(37:42 / All) Ubaka: come on dont be gayy lol
(37:43 / All) timg4strok: my message almost done
(37:45 / All) sseldnE.: were making our relative country flags
(37:51 / All) Mata.: in towers
(37:52 / All) sseldnE.: and the great wall of orc
(37:55 / Allies) Dexanth: lawl
(37:58 / All) sseldnE.: actualyl i think half the map is covered in towers
(38:01 / All) sseldnE.: so uhh, good luck
(38:02 / All) Ubaka: u guys are gay
(38:31 / All) timg4strok: ok t-15 until message is read
(38:32 / Allies) sseldnE.: lol anyone got extr agold?
(38:32 / All) timg4strok: y
(38:49 / Allies) timg4strok: dex
(38:51 / Allies) timg4strok: gold me please
(38:54 / All) sseldnE.: it acutally says tuck me in
(39:11 / All) timg4strok: ok reveal to left of orange's base
(39:21 / All) sseldnE.: it miht tak e a few
(39:36 / All) timg4strok: might wanna go up a lil too
(39:44 / Allies) sseldnE.: is that clear
(40:08 / All) sseldnE.: lol
(40:09 / All) Ubaka: u guys are indeed faggots
(40:16 / All) sseldnE.: can i ask
(40:19 / All) sseldnE.: what uev been doing this entire time
(40:28 / All) Ubaka: blah
(40:29 / All) Dexanth: Being pro
(40:48 / Allies) sseldnE.: i got bats
(40:50 / Allies) timg4strok: mata where is swe flag
(40:58 / Allies) timg4strok: you in my way nigg
(40:59 / Allies) timg4strok: a
(41:18 / All) sseldnE.: oh man
(41:23 / Allies) Mata.: dont get those bats
(41:24 / Allies) Mata.: near tanks
(41:29 / Allies) Mata.: jesus christ
(41:35 / Allies) sseldnE.: meh
(41:36 / Allies) sseldnE.: i blew them up
(41:37 / Allies) sseldnE.: dont worry
(41:55 / Allies) Mata.: hurl boulder in kotg face
(42:14 / All) timg4strok: look whatever happens dont leave untuil im done please
(42:46 / Allies) timg4strok: help
(42:57 / Allies) Mata.: help where
(43:06 / Allies) Mata.: haha
(43:08 / Allies) timg4strok: god damn
(43:11 / Allies) timg4strok: creeps hate america
(44:02 / Allies) Mata.: american flag is bigger than swe flag
(44:16 / Allies) Mata.: making it fit on one screen though
(44:22 / Allies) timg4strok: size got fucked up though
(44:25 / Allies) timg4strok: its 19x13
(44:32 / Allies) sseldnE.: ty
(44:33 / Allies) Mata.: mine?
(44:34 / Allies) sseldnE.: got any gold? :P
(44:35 / Allies) timg4strok: mine
(44:43 / All) SlDEWlNDER: pink
(44:47 / Allies) Mata.: no idea how big mine supposed to be
(44:49 / Allies) Mata.: just eyeballing
(44:49 / All) timg4strok: what
(44:55 / All) SlDEWlNDER: promise to leave if i guess yoru mssage? :D
(45:04 / All) sseldnE.: no
(45:13 / All) SlDEWlNDER: fuck you!
(45:18 / All) sseldnE.: no !
(45:20 / All) sseldnE.: u lose
(45:23 / All) SlDEWlNDER: aww
(45:24 / All) SlDEWlNDER: ok
(45:26 / All) Mata.: exclamation point wrong
(45:43 / All) timg4strok: thats american flag please hold
(45:57 / All) cooLieboyy: shitty ass flag
(46:02 / All) Mata.: i'm making a swedish (possibly norwegian or danish) flag
(46:05 / All) timg4strok: not done yet
(46:06 / All) Mata.: will be done soon
(46:09 / Allies) Dexanth: Animate ded scroll there
(46:42 / Allies) Mata.: creep please yeah
(46:46 / Allies) Mata.: fuck
(46:49 / Allies) Mata.: mah flag
(46:50 / Allies) sseldnE.: cooming
(47:08 / All) Ubaka: jeezus w/e this is such a waste of time
(47:08 / All) Mata.: fuck off please
(47:09 / All) sseldnE.: WHOOSH
(47:12 / All) Ubaka: were just gonna leave
(47:13 / All) timg4strok: no
(47:14 / All) timg4strok: dont
(47:15 / All) timg4strok: please
(47:17 / All) Mata.: wait for flags please
(47:19 / All) timg4strok: ill quit game and let you win
(47:20 / All) Ubaka: waste of time
(47:23 / All) timg4strok: if you let me build flag
(47:26 / All) Ubaka: oh please mass towers is gay
(47:27 / All) timg4strok: i promise
(47:29 / All) sseldnE.: I thought u could win with enough time? =/
(47:30 / All) Ubaka: nah fuck u
(47:39 / All) Ubaka: well it isnt enough yet
(47:45 / All) sseldnE.: lol
(47:46 / All) Ubaka: this is a waste of time i could be doing 3's.
(47:49 / All) sseldnE.: i think were building faster than u attack
(47:55 / All) Ubaka: anyways ima go get back up to 57% nigers
(47:57 / All) Ubaka: later
(48:09 / All) timg4strok: no
(48:09 / All) timg4strok: no
(48:10 / Allies) sseldnE.: oh sads
(48:12 / All) timg4strok: ill let you win
(48:14 / All) Mata.: go afk or something
(48:14 / All) timg4strok: please
(48:18 / All) timg4strok: go afk
(48:19 / All) timg4strok: do something
(48:44 / Allies) sseldnE.: i bet hes alerady afk
(48:44 / Allies) Mata.: maybe he is afk
(48:48 / Allies) Mata.: god i hope
(48:49 / Allies) sseldnE.: looks like a duck
(48:53 / All) cooLieboyy: can u just leave
(48:54 / All) cooLieboyy: shit
(48:58 / All) sseldnE.: nope
(48:58 / All) Mata.: stay please
(49:08 / All) cooLieboyy: how is this gunna end ?
(49:14 / All) Dexanth: U bein dead
(49:15 / All) sseldnE.: by us killing u with our mass tier 3 air
(49:16 / All) sseldnE.: why?
(49:23 / All) Mata.: he's joking
(49:25 / All) Mata.: we got no air
(49:26 / All) Mata.: we got nothing
(49:28 / All) Mata.: you can win this
(49:29 / All) sseldnE.: absoloutely nothing